[Event "POR-ch Women Absolute 2019"]
[Site "Portimao"]
[Date "2019.09.09"]
[Round "2.1"]
[White "Pipiras, Filipa Fortuna"]
[Black "Silva, Ana Ines Teixeira Da"]
[Result "0-1"]
[ECO "A43"]
[WhiteElo "1965"]
[BlackElo "1738"]
[Annotator "NA RC"]
[PlyCount "94"]
[EventDate "2019.09.08"]
[EventType "swiss"]
[EventCountry "POR"]
[SourceTitle "playchess.com"]
[Source "ChessBase"]
[SourceQuality "1"]
[TimeControl "5400+30"]

1. d4 Nf6 2. Nf3 c5 3. d5 g6 4. Nc3 d6 5. e4 Bg7 6. Bd3 O-O 7. O-O Bg4 8. h3 Bxf3 9. Qxf3 Nbd7 10. Qd1 a6 11. a4 b6 12. Be3 Qc7 13. Qe2 Qb7 14. f4 Ne8 15. Bf2 Nc7 16. Bg3 Rab8 17. Nd1 b5 18. c4 bxc4 19. Bxc4 Bxb2 20. Nxb2 Qxb2 21. Bxa6 Nxa6 22. Qxa6 Qd4+ 23. Kh2 Qxe4 24. Rfe1 Qxd5 25. Rxe7 Rb2 26. Re2 Nb8 27. Qxd6 Qxd6 28. Rxb2 Nc6 29. Rb6 Qd4 30. Rc1 Ne7 31. Rb5 Rc8 32. a5 Nf5 33. Rb3 c4 34. Ra3 c3 35. a6 Nxg3 36. a7 Ra8 37. Raxc3 Nf1+ 38. Kh1 Rxa7 39. Rc8+ Kg7 40. Rxf1 Ra1 41. Rxa1 Qxa1+ 42. Kh2 Qf1 43. Kg3 h5 44. Rc7 h4+ 45. Kg4 Qf2 46. Rc3 Kh6 47. Rf3 f5# 0-1

[Event "POR-ch Women Absolute 2019"]
[Site "Portimao"]
[Date "2019.09.09"]
[Round "2.2"]
[White "Silva, Mariana Sofia T."]
[Black "Avelino, Camila Biscaya"]
[Result "1/2-1/2"]
[ECO "A05"]
[WhiteElo "1882"]
[BlackElo "1722"]
[Annotator "NA RC"]
[PlyCount "71"]
[EventDate "2019.09.08"]
[EventType "swiss"]
[EventCountry "POR"]
[SourceTitle "playchess.com"]
[Source "ChessBase"]
[SourceQuality "1"]
[TimeControl "5400+30"]

1. Nf3 Nf6 2. g3 g6 3. b3 Bg7 4. Bb2 O-O 5. Bg2 d5 6. c4 c6 7. O-O Nbd7 8. d3 Qb6 9. Nbd2 dxc4 10. Nxc4 Qd8 11. Qd2 Nb6 12. a4 Be6 13. a5 Nbd5 14. a6 b6 15. Nd4 Bd7 16. Ne5 c5 17. Ndc6 Bxc6 18. Nxc6 Qd7 19. Ne5 Qb5 20. Qc2 Rad8 21. Qc4 Qxc4 22. bxc4 Nb4 23. Nf3 Ne8 24. Bxg7 Kxg7 25. Nd2 Nc7 26. Bb7 Ne6 27. Nb3 Nd4 28. Nxd4 Rxd4 29. Rab1 Rfd8 30. Rb2 R4d6 31. Kg2 Kf6 32. Kf3 Re6 33. Rfb1 Red6 34. Ra1 Ke5 35. Ke3 Kf5 {[%emt 0:01:27] Ke4+ Ke5+} 36. Kf3 1/2-1/2

[Event "POR-ch Women Absolute 2019"]
[Site "Portimao"]
[Date "2019.09.09"]
[Round "2.3"]
[White "Monteiro, Sara Cristina da Sil"]
[Black "Jorge, Rita Maria Osorio"]
[Result "0-1"]
[ECO "D04"]
[WhiteElo "1728"]
[BlackElo "1957"]
[Annotator "NA RC"]
[PlyCount "101"]
[EventDate "2019.09.08"]
[EventType "swiss"]
[EventCountry "POR"]
[SourceTitle "playchess.com"]
[Source "ChessBase"]
[SourceQuality "1"]
[TimeControl "5400+30"]

1. d4 d5 2. Nf3 Nf6 3. e3 c5 4. c3 e6 5. Ne5 Bd6 6. Bb5+ Bd7 7. Nxd7 Nbxd7 8. Nd2 O-O 9. O-O a6 10. Bd3 Qc7 11. g3 b5 12. dxc5 Bxc5 13. e4 Ne5 14. Bc2 Rad8 15. Qe2 d4 16. cxd4 Bxd4 17. Bb3 Qc6 18. Kg2 Bb6 19. h3 Rd4 20. f3 Nd3 21. e5 Nd7 22. Ne4 N7xe5 23. Be3 Rxe4 24. fxe4 Qxe4+ 25. Kh2 Qxe3 26. Qxe3 Bxe3 27. a4 Nxb2 28. Rae1 Bd4 29. Re4 Nc6 30. Rc1 Ne5 31. Kg2 Rd8 32. Rxd4 Rb8 33. axb5 axb5 34. Rc7 g6 35. Rc5 Nbd3 36. Rc7 Ra8 37. Rb7 b4 38. Rd6 Ra3 39. Rd8+ Kg7 40. Bxe6 Nc5 41. Bc8 Nxb7 42. Bxb7 Ra2+ 43. Kf1 Nc4 44. Rd4 Ne3+ 45. Kg1 b3 46. Rb4 b2 47. Be4 Ra1+ 48. Kf2 Nd1+ 49. Kf3 Ra3+ 50. Kf4 Nc3 51. Ke5 0-1

[Event "POR-ch Women Absolute 2019"]
[Site "Portimao"]
[Date "2019.09.09"]
[Round "2.4"]
[White "Soares, Sara Joana De Moura "]
[Black "Leite, Marta Sofia Carvalho"]
[Result "1-0"]
[ECO "D06"]
[WhiteElo "1533"]
[BlackElo "1722"]
[Annotator "NA RC"]
[PlyCount "67"]
[EventDate "2019.09.08"]
[EventType "swiss"]
[EventCountry "POR"]
[SourceTitle "playchess.com"]
[Source "ChessBase"]
[SourceQuality "1"]
[TimeControl "5400+30"]

1. d4 d5 2. c4 Nf6 3. cxd5 Qxd5 4. Nc3 Qa5 5. e3 e6 6. Bd2 c6 7. Bd3 Bb4 8. Nge2 O-O 9. a3 Bxc3 10. Nxc3 Qc7 11. Qc2 Nbd7 12. Ne4 Nxe4 13. Bxe4 Nf6 14. Bf3 Rd8 15. O-O e5 16. Bc3 exd4 17. Bxd4 Ng4 18. g3 Qd6 19. h3 Nf6 20. Rfd1 Qe6 21. Bg2 Nd5 22. Bxa7 Rxa7 23. e4 Qg6 24. Qc5 Ra8 25. exd5 cxd5 26. Rxd5 Be6 27. Rxd8+ Rxd8 28. Qe7 Qf6 29. Qxb7 Rd2 30. Qb8+ Rd8 31. Qb4 Qe5 32. Qe7 Rb8 33. Rd1 Qa5 34. b4 1-0

[Event "POR-ch Women Absolute 2019"]
[Site "Portimao"]
[Date "2019.09.09"]
[Round "3.1"]
[White "Silva, Ana Ines Teixeira Da"]
[Black "Silva, Mariana Sofia T."]
[Result "0-1"]
[ECO "B25"]
[WhiteElo "1738"]
[BlackElo "1882"]
[Annotator "NA RC"]
[PlyCount "64"]
[EventDate "2019.09.08"]
[EventType "swiss"]
[EventCountry "POR"]
[SourceTitle "playchess.com"]
[Source "ChessBase"]
[SourceQuality "1"]
[TimeControl "5400+30"]

1. e4 c5 2. Nc3 Nc6 3. g3 g6 4. Bg2 Bg7 5. d3 d6 6. f4 e6 7. Be3 Nge7 8. Nf3 O-O 9. O-O b6 10. Bf2 Ba6 11. Re1 {[%emt 0:06:14] B25: Closed Sicilian: 3 g3, lines without early Be3} d5 ({Black should play} 11... Rc8 $11) 12. exd5 exd5 13. d4 cxd4 14. Nxd4 Na5 $146 ({Predecessor:} 14... Rc8 15. Nxc6 Nxc6 16. Qxd5 Qxd5 17. Bxd5 Nb4 18. Bb3 {1-0 (39) Cubas,J (2528)-Barbosa,E (2407) Sao Jose dos Campos 2012}) 15. Qf3 Bb7 16. Rad1 Nc4 {[%emt 0:04:03] [#]} ({Black should play} 16... Re8 $14) 17. b3 (17. f5 $1 $16 gxf5 {[#]} 18. Rxe7 $1 (18. Nxf5 Nxf5 19. Qxf5 Nxb2 $16) 18... Qxe7 19. Nxf5) 17... Nd6 18. Rxe7 $2 (18. g4 $16 {keeps the pressure on.}) 18... Qxe7 19. Nxd5 Qd8 ({Black should play} 19... Bxd5 $17 20. Qxd5 Bxd4 21. Qxd4 (21. Bxd4 Rad8 $15) 21... Nf5) 20. c4 Re8 21. Qd3 Qb8 (21... f5 $11) 22. f5 (22. b4 $14) 22... Kh8 23. Be3 Qc8 24. f6 Bf8 25. Rf1 Rb8 26. Bf4 Qd7 27. Qd2 Ne4 28. Bxe4 Rxe4 29. Bxb8 Rxd4 30. Qg5 $2 (30. Qxd4 $11 Bc5 31. Qxc5 bxc5 32. Re1) 30... Bc5 31. Kh1 Rxd5 32. cxd5 Qxd5+ 0-1

[Event "POR-ch Women Absolute 2019"]
[Site "Portimao"]
[Date "2019.09.09"]
[Round "3.2"]
[White "Avelino, Camila Biscaya"]
[Black "Soares, Sara Joana De Moura "]
[Result "0-1"]
[ECO "C88"]
[WhiteElo "1722"]
[BlackElo "1533"]
[Annotator "NA RC"]
[PlyCount "50"]
[EventDate "2019.09.08"]
[EventType "swiss"]
[EventCountry "POR"]
[SourceTitle "playchess.com"]
[Source "ChessBase"]
[SourceQuality "1"]
[TimeControl "5400+30"]

1. e4 e5 2. Nf3 Nc6 3. Bb5 a6 4. Ba4 Nf6 5. O-O Be7 6. Re1 b5 7. Bb3 O-O 8. h3 Bb7 9. c3 d5 10. exd5 Nxd5 11. d4 exd4 12. Nxd4 Qd7 13. Nxb5 Na5 14. Bxd5 Bxd5 15. Nxc7 Qxc7 16. Qxd5 Rad8 17. Qf3 Nc4 18. b3 Ne5 19. Qg3 Bd6 20. Bf4 Nf3+ 21. Qxf3 Bxf4 22. c4 Qa5 23. Re4 Be5 24. Qe2 Bxa1 25. a3 Qc7 0-1

[Event "POR-ch Women Absolute 2019"]
[Site "Portimao"]
[Date "2019.09.10"]
[Round "3.3"]
[White "Jorge, Rita Maria Osorio"]
[Black "Pipiras, Filipa Fortuna"]
[Result "1/2-1/2"]
[ECO "B40"]
[WhiteElo "1957"]
[BlackElo "1965"]
[Annotator "NA RC"]
[PlyCount "143"]
[EventDate "2019.09.08"]
[EventType "swiss"]
[EventCountry "POR"]
[SourceTitle "playchess.com"]
[Source "ChessBase"]
[SourceQuality "1"]
[TimeControl "5400+30"]

1. e4 c5 2. Nf3 e6 3. b3 b6 4. c4 Bb7 5. Nc3 Nc6 6. Be2 {[%emt 0:07:30] B40: Sicilian: 2...e6, Unusual lines} (6. Bb2 e5 7. Nd5 d6 8. Bd3 g6 9. b4 Nxb4 10. Nxb4 cxb4 11. O-O Ne7 12. Bc2 Bg7 13. d4 O-O 14. Qd2 {0-1 (38) Iskandarov,M (2423)-Bogdanovich,S (2591) Baku 2016}) 6... Nd4 7. O-O d6 8. Bb2 $146 ({Predecessor:} 8. Nxd4 cxd4 9. Nb5 e5 10. d3 Nf6 11. f4 Be7 12. Qe1 a6 13. Na3 Nd7 {0-1 (47) Efanov,N (2398)-Krutko,A (2440) Nizhnij Tagil 2008}) 8... Nf6 9. d3 Be7 10. Re1 O-O 11. Bf1 a6 12. g3 Rb8 13. Bg2 Ba8 14. e5 dxe5 15. Nxe5 Qc7 16. Bxa8 Rxa8 17. Ne2 Qxe5 18. Nxd4 Qc7 19. Nf3 Rad8 20. Qe2 Nd7 21. d4 cxd4 22. Bxd4 Bf6 23. Rad1 h6 24. Bxf6 Nxf6 25. h3 Qc5 26. Qe5 Qc6 27. Qe3 b5 28. Ne5 Qc7 29. Rc1 bxc4 30. Rxc4 Qb7 31. Rec1 Nd5 32. Qf3 Rb8 33. Nc6 Rbe8 34. Ne5 Rb8 35. Nc6 Rbe8 36. Ne5 Rb8 37. Nd3 Rfc8 38. Nc5 Qa8 39. Nd7 Rxc4 40. bxc4 Rc8 41. Rb1 Qa7 42. Ne5 Nb6 $2 (42... Qc7 $11 {and Black has nothing to worry.}) 43. Nxf7 $2 (43. Nc6 $18 {and White stays clearly on top.} Qb7 {[#]} 44. Rxb6 $1 {[%mdl 576] Deflection} Qxb6 45. Ne7+ {[%mdl 64] Double Attack} Kh7 46. Qd3+ f5 47. Nxc8) 43... Rf8 $2 {[%emt 0:00:41] [#]} (43... Qc7 $16 {was necessary.}) 44. Qc6 (44. Nxh6+ $1 $18 {[%mdl 512] is more deadly.} gxh6 45. Qg4+ {[%mdl 64] Double Attack} (45. Qe3 Nc8 $11) 45... Kf7 46. Qe4) 44... Rxf7 (44... Qxf7 $16 {was necessary.} 45. Qxb6 e5) 45. Qxb6 ({White should play} 45. Rxb6 $18 Qd7 46. Qxd7 (46. Rxa6 Qd1+ 47. Kg2 Qc2 $18) 46... Rxd7 47. Rxe6 (47. Rxa6 Kf7 $18)) 45... Qe7 46. Qxa6 Qc5 47. Rf1 ({Worse is} 47. Qxe6 Qxf2+ {[%mdl 64] Double Attack} 48. Kh1 Qf3+ 49. Kh2 Qf2+ {[%mdl 64] Double Attack} 50. Kh1 Qf3+ 51. Kh2 Qf2+ {[%mdl 64] Double Attack} 52. Kh1 $11) 47... e5 48. Qa8+ Kh7 49. Qd5 Qa7 (49... Qxd5 $142 50. cxd5 Kg6) 50. c5 Rc7 51. Rc1 Qa3 52. Rc2 Qa4 53. Qd3+ ({Resist} 53. Qxe5 Qxc2 54. Qxc7 Qb1+ 55. Kh2 Qf5 $18) 53... e4 54. Qc4 Qc6 55. Re2 Re7 56. a4 Re5 57. Qd4 Re8 58. Re3 Kh8 59. a5 Qb5 60. Qc3 Rc8 61. Rxe4 Rxc5 {[%emt 0:00:14] [#]} 62. Re8+ $3 Kh7 63. Qe1 Rf5 $1 $11 64. Qe4 $2 (64. g4 Rf4 65. Rd8) 64... Qc5 65. Qe1 $2 ({White should try} 65. Qe2 $18 Qc1+ 66. Kg2 Qc6+ 67. f3) 65... Qxa5 66. Qb1 Qc5 67. Re2 Kh8 $16 68. Re8+ Kh7 69. Re2 Kh8 70. Re8+ Kh7 71. Re3 Kh8 72. Re8+ 1/2-1/2

[Event "POR-ch Women Absolute 2019"]
[Site "Portimao"]
[Date "2019.09.09"]
[Round "3.4"]
[White "Duque, Raquel Dos Santos"]
[Black "Monteiro, Sara Cristina da Sil"]
[Result "0-1"]
[ECO "A22"]
[WhiteElo "1415"]
[BlackElo "1728"]
[Annotator "NA RC"]
[PlyCount "88"]
[EventDate "2019.09.08"]
[EventType "swiss"]
[EventCountry "POR"]
[SourceTitle "playchess.com"]
[Source "ChessBase"]
[SourceQuality "1"]
[TimeControl "5400+30"]

1. c4 Nf6 2. Nc3 e5 3. g3 Nc6 4. Bg2 a6 5. e3 Bc5 6. Nge2 d6 7. O-O O-O 8. a3 a5 9. d4 Bb6 10. b3 Bg4 11. Qd2 Rb8 12. Bb2 Re8 13. Rac1 Qd7 14. Rfe1 Qf5 15. Nd5 Ne4 16. Bxe4 Qxe4 17. dxe5 Nxe5 18. Bxe5 dxe5 19. Qc2 Qf3 20. Nec3 e4 21. Qe2 Qf5 22. Qf1 Bf3 23. Nxb6 cxb6 24. Nd5 Re6 25. Rc2 Kf8 26. Rd2 Rh6 27. Nf4 g5 28. Ne2 g4 29. Rd5 Qf6 30. Nf4 Qb2 31. c5 Qxa3 32. cxb6 Rxb6 33. Qc4 Qb4 34. Qxb4+ Rxb4 35. Rxa5 Rxb3 36. h3 b5 37. Rea1 b4 38. Rh5 Ra3 39. Rb1 b3 40. Nd5 b2 41. Rxh7 Ra1 42. Nc3 Rxb1+ 43. Nxb1 Kg8 44. Rh5 Rc8 0-1

[Event "POR-ch Women Absolute 2019"]
[Site "Portimao"]
[Date "2019.09.10"]
[Round "3.5"]
[White "Leite, Marta Sofia Carvalho"]
[Black "Cymbron, Victoria"]
[Result "1-0"]
[ECO "C62"]
[WhiteElo "1722"]
[BlackElo "1069"]
[Annotator "NA RC"]
[PlyCount "113"]
[EventDate "2019.09.08"]
[EventType "swiss"]
[EventCountry "POR"]
[SourceTitle "playchess.com"]
[Source "ChessBase"]
[SourceQuality "1"]
[TimeControl "5400+30"]

1. e4 e5 2. Nf3 Nc6 3. Bb5 d6 4. d3 h6 5. Be3 Be6 6. Nbd2 Nf6 7. O-O Be7 8. c3 a6 9. Ba4 O-O 10. d4 exd4 11. cxd4 Bg4 12. Rc1 Na7 13. d5 Nb5 14. Qe2 Bxf3 15. Qxf3 Rc8 16. Qg3 Kh8 17. Bd1 Qd7 18. a4 Na7 19. Bxa7 b6 20. a5 Qb5 21. Qa3 Rfd8 22. f3 Nd7 23. Ba4 Qxa5 24. Bxd7 Qxa3 25. bxa3 Rxd7 26. Bxb6 Bg5 27. f4 Bf6 28. Rc2 Re7 29. Rfc1 g5 30. Bxc7 Bd4+ 31. Kf1 Be3 32. Bxd6 Rxc2 33. Rxc2 Rd7 34. Be5+ Kh7 35. fxg5 Bxg5 36. d6 Kg6 37. Nc4 f6 38. Bg3 h5 39. Nb6 Rb7 40. d7 f5 41. exf5+ Kxf5 42. Bc7 Ke6 43. d8=Q Bxd8 44. Bxd8 Rf7+ 45. Ke2 Ke5 46. Rc5+ Kd6 47. Rxh5 Kc6 48. Nc4 Kd7 49. Ne5+ Kxd8 50. Nxf7+ Kc7 51. Rh6 Kb7 52. g4 a5 53. g5 Kc7 54. g6 Kd7 55. g7 Ke7 56. g8=Q Kd7 57. Qd8# 1-0

[Event "POR-ch Women Absolute 2019"]
[Site "Portimao"]
[Date "2019.09.10"]
[Round "4.1"]
[White "Silva, Mariana Sofia T."]
[Black "Soares, Sara Joana De Moura "]
[Result "1-0"]
[ECO "C45"]
[WhiteElo "1882"]
[BlackElo "1533"]
[Annotator "NA"]
[PlyCount "51"]
[EventDate "2019.09.08"]
[EventType "swiss"]
[EventCountry "POR"]
[SourceTitle "playchess.com"]
[Source "ChessBase"]
[SourceQuality "1"]
[TimeControl "5400+30"]

1. e4 e5 2. Nf3 Nc6 3. d4 exd4 4. Nxd4 Bc5 5. Nxc6 Qf6 6. Qf3 Qxc6 7. Nc3 Nf6 8. Bb5 Qe6 9. O-O O-O 10. Bf4 d6 11. h3 Bd7 12. Bd3 Bc6 13. Rfe1 Rfe8 14. Re2 Bd4 15. Bd2 a6 16. Rae1 Qd7 17. b3 b5 18. Nd5 a5 19. c3 Be5 20. Bb1 Bb7 21. Bg5 Re6 22. Qd3 h6 23. Bxf6 Bxf6 24. e5 Bxe5 25. Qh7+ Kf8 26. Qh8# 1-0

[Event "POR-ch Women Absolute 2019"]
[Site "Portimao"]
[Date "2019.09.10"]
[Round "4.2"]
[White "Monteiro, Sara Cristina da Sil"]
[Black "Silva, Ana Ines Teixeira Da"]
[Result "0-1"]
[ECO "D03"]
[WhiteElo "1728"]
[BlackElo "1738"]
[Annotator "NA RC"]
[PlyCount "56"]
[EventDate "2019.09.08"]
[EventType "swiss"]
[EventCountry "POR"]
[SourceTitle "playchess.com"]
[Source "ChessBase"]
[SourceQuality "1"]
[TimeControl "5400+30"]

1. d4 Nf6 2. Bg5 d5 3. Nf3 c5 4. e3 Nc6 5. Be2 Ne4 6. Bf4 Qb6 7. b3 Qb4+ 8. Kf1 cxd4 9. Nxd4 Nxd4 10. Qxd4 Qxd4 11. exd4 Bf5 12. Bb5+ Kd8 13. Bd3 Rc8 14. f3 Nd6 15. Ke2 Bxd3+ 16. Kxd3 e6 17. Nd2 b5 18. a4 b4 19. Rhc1 Rc3+ 20. Ke2 Nf5 21. Kd1 f6 22. Nb1 Rc8 23. Kd2 Nxd4 24. Be3 Bc5 25. Kd3 e5 26. Nd2 Ne6 27. c4 bxc3 28. Bxc5 cxd2 0-1

[Event "POR-ch Women Absolute 2019"]
[Site "Portimao"]
[Date "2019.09.10"]
[Round "4.3"]
[White "Avelino, Camila Biscaya"]
[Black "Jorge, Rita Maria Osorio"]
[Result "1-0"]
[ECO "C70"]
[WhiteElo "1722"]
[BlackElo "1957"]
[Annotator "NA RC"]
[PlyCount "141"]
[EventDate "2019.09.08"]
[EventType "swiss"]
[EventCountry "POR"]
[SourceTitle "playchess.com"]
[Source "ChessBase"]
[SourceQuality "1"]
[TimeControl "5400+30"]

1. e4 e5 2. Nf3 Nc6 3. Bb5 a6 4. Ba4 g6 5. O-O Bg7 6. Re1 Nge7 7. c3 d6 8. h3 Bd7 9. d4 O-O 10. Be3 h6 11. Nbd2 Kh8 12. dxe5 dxe5 13. Nf1 Qe8 14. Qd2 g5 15. Rad1 Rd8 16. Qe2 Ng6 17. Bb3 Nf4 18. Bxf4 gxf4 19. Nh4 Na5 20. Bc2 Qe6 21. b4 Nc6 22. Bb3 Qf6 23. Qh5 Ne7 24. Nh2 Ng6 25. Nf5 Bxf5 26. Rxd8 Rxd8 27. exf5 Ne7 28. Ng4 Qxf5 29. Qxf5 Nxf5 30. Nxe5 Nd6 31. c4 Kg8 32. c5 Nb5 33. Nxf7 Rd4 34. Nxh6+ Kf8 35. Nf5 Rxb4 36. Re7 Bd4 37. Rf7+ Ke8 38. Ng7+ Kd8 39. Ne6+ Ke8 40. Nxc7+ Nxc7 41. Rxc7 Be5 42. Rh7 a5 43. Kf1 a4 44. Bd5 Bd4 45. Rxb7 Bxc5 46. Rxb4 Bxb4 47. Bc6+ Ke7 48. Bxa4 Kf6 49. Ke2 Kg5 50. Kf3 Bd6 51. g3 fxg3 52. fxg3 Bc7 53. Bd7 Kh5 54. h4 Bb8 55. Be8+ Kh6 56. g4 Be5 57. g5+ Kg7 58. h5 Bc3 59. Kg4 Kf8 60. Bb5 Kg7 61. Kf5 Kh7 62. Ke6 Bd2 63. Kf6 Bc3+ 64. Kf7 Bb2 65. Bd3+ Kh8 66. g6 Bg7 67. a4 Bh6 68. a5 Bg7 69. a6 Bh6 70. a7 Bf8 71. g7+ 1-0

[Event "POR-ch Women Absolute 2019"]
[Site "Portimao"]
[Date "2019.09.10"]
[Round "4.5"]
[White "Cymbron, Victoria"]
[Black "Duque, Raquel Dos Santos"]
[Result "0-1"]
[ECO "C46"]
[WhiteElo "1069"]
[BlackElo "1415"]
[Annotator "NA RC"]
[PlyCount "118"]
[EventDate "2019.09.08"]
[EventType "swiss"]
[EventCountry "POR"]
[SourceTitle "playchess.com"]
[Source "ChessBase"]
[SourceQuality "1"]
[TimeControl "5400+30"]

1. e4 e5 2. Nf3 Nc6 3. Nc3 Bc5 4. Nxe5 Bxf2+ 5. Kxf2 Nxe5 6. Be2 Nf6 7. d4 Ng6 8. e5 Ng8 9. Rf1 N8e7 10. Kg1 O-O 11. Bc4 d6 12. exd6 Qxd6 13. Be3 Nf5 14. Qd2 c6 15. Rad1 Be6 16. Bxe6 Qxe6 17. Rde1 Qd7 18. a3 Nge7 19. Ne4 b6 20. c4 Rad8 21. Rd1 h6 22. Nc3 Rfe8 23. Rfe1 Nxe3 24. Rxe3 Nf5 25. Rxe8+ Qxe8 26. d5 Qe3+ 27. Qxe3 Nxe3 28. Rd4 a6 29. d6 c5 30. Re4 Nf5 31. Na4 Rxd6 32. Kf2 Kf8 33. g4 Nd4 34. b4 cxb4 35. axb4 Rf6+ 36. Kg3 Nb3 37. c5 bxc5 38. Nxc5 Nxc5 39. bxc5 Rc6 40. Rc4 Ke7 41. Kf3 Ke6 42. Ra4 Kd5 43. Rf4 Kxc5 44. Rxf7 Rf6+ 45. Rxf6 gxf6 46. Kf4 Kd6 47. Kf5 Ke7 48. Kg6 a5 49. h4 a4 50. Kxh6 Kf7 51. Kh7 a3 52. g5 fxg5 53. hxg5 a2 54. g6+ Kf6 55. g7 a1=Q 56. Kh8 Qh1+ 57. Kg8 Qg2 58. Kf8 Qxg7+ 59. Ke8 Qe7# 0-1

[Event "POR-ch Women Absolute 2019"]
[Site "Portimao"]
[Date "2019.09.11"]
[Round "5"]
[White "Pipiras, Filipa Fortuna"]
[Black "Silva, Mariana Sofia"]
[Result "1-0"]
[ECO "A57"]
[WhiteElo "1965"]
[BlackElo "1882"]
[Annotator "NA"]
[PlyCount "115"]
[EventDate "2019.??.??"]
[EventCountry "POR"]
[SourceTitle "playchess.com"]
[Source "ChessBase"]
[SourceQuality "1"]
[TimeControl "5400+30"]

1. d4 Nf6 2. c4 c5 3. d5 b5 4. Qc2 bxc4 5. e4 d6 6. Bxc4 g6 7. Nf3 Bg7 8. O-O O-O 9. Nc3 Ba6 10. Nb5 Qb6 11. a4 Nbd7 12. Qe2 Bxb5 13. Bxb5 a6 14. Bc6 Ra7 15. h3 Nb8 16. a5 Qc7 17. Ba4 Qxa5 18. Bd2 Qc7 19. Rac1 Qb6 20. b4 Nbd7 21. Rb1 Qd8 22. Rfc1 Nb6 23. Bc2 cxb4 24. Nd4 Ra8 25. Bxb4 Bh6 26. Rd1 Nfd7 27. Nc6 Qe8 28. Ba5 Nc8 29. Bb4 Ncb6 30. Bd3 Nb8 31. Ba5 Nxc6 32. dxc6 Na4 33. Bc4 Nc5 34. e5 Rb8 35. Rxb8 Qxb8 36. exd6 exd6 37. c7 Qa7 38. Rxd6 Nb7 39. Rxa6 Qc5 40. Bb6 Qf5 41. Bd3 Qd7 42. Ra7 Nd6 43. Bc5 Re8 44. Qf3 Nc8 45. Rb7 Qe6 46. g3 Qxh3 47. Bf1 Qe6 48. Bb5 Qe1+ 49. Kg2 Re5 50. Bc4 Rf5 51. Qg4 Qe5 52. Bd4 Qd6 53. Bd3 Qd5+ 54. Be4 Qxd4 55. Bxf5 Qd5+ 56. Be4 Qe5 57. Qxc8+ Kg7 58. Qg4 1-0

[Event "POR-ch Women Absolute 2019"]
[Site "Portimao"]
[Date "2019.09.11"]
[Round "5"]
[White "Jorge, Rita Maria Osorio"]
[Black "Leite, Marta Sofia Carvalho"]
[Result "1/2-1/2"]
[ECO "B01"]
[WhiteElo "1957"]
[BlackElo "1722"]
[Annotator "NA"]
[PlyCount "129"]
[EventDate "2019.??.??"]
[EventCountry "POR"]
[SourceTitle "playchess.com"]
[Source "ChessBase"]
[SourceQuality "1"]
[TimeControl "5400+30"]

1. e4 d5 2. exd5 Qxd5 3. Nc3 Qa5 4. d4 Nf6 5. a3 Bg4 6. f3 Bf5 7. Bd3 Bxd3 8. Qxd3 Nc6 9. Nge2 O-O-O 10. O-O Kb8 11. Be3 g6 12. b4 Qf5 13. Ne4 Bg7 14. N2g3 Qd5 15. c4 Ne5 16. cxd5 Nxd3 17. Nxf6 Bxf6 18. Rab1 e5 19. dxe6 Bxd4 20. Bxd4 Rxd4 21. exf7 Ne5 22. Rfe1 Nxf7 23. Re7 Nd6 24. Rb3 Kc8 25. Ne2 Rd2 26. Nf4 Nf5 27. Re4 Rhd8 28. Kf1 g5 29. Nh5 Rd1+ 30. Re1 R1d2 31. Re5 Rd1+ 32. Re1 R1d2 33. Nf6 Nh4 34. Re2 Rxe2 35. Kxe2 Nxg2 36. Nxh7 Nf4+ 37. Ke3 Re8+ 38. Kd4 Ne6+ 39. Kc4 Rh8 40. Nf6 Rxh2 41. Re3 Nd8 42. Nd5 c6 43. Ne7+ Kd7 44. Ng8 Rh4+ 45. Kd3 Rf4 46. Ne7 Rf6 47. Ng8 Rg6 48. Ne7 Re6 49. Nf5 Rxe3+ 50. Kxe3 Ke6 51. Ke4 Nf7 52. Nd4+ Kf6 53. Nf5 Ne5 54. Nd6 b5 55. Nc8 a6 56. Nd6 Ke6 57. Nb7 Nc4 58. Nc5+ Kf6 59. Nxa6 Nd2+ 60. Ke3 Nc4+ 61. Ke4 Nd2+ 62. Ke3 Nc4+ 63. Ke4 Nxa3 64. Nb8 c5 65. bxc5 {Ke5} 1/2-1/2

[Event "POR-ch Women Absolute 2019"]
[Site "Portimao"]
[Date "2019.09.11"]
[Round "5"]
[White "Silva, Ana Ines Teixeira Da"]
[Black "Avelino, Camila Biscaya"]
[Result "1/2-1/2"]
[ECO "C47"]
[WhiteElo "1738"]
[BlackElo "1722"]
[Annotator "NA"]
[PlyCount "55"]
[EventDate "2019.??.??"]
[EventCountry "POR"]
[SourceTitle "playchess.com"]
[Source "ChessBase"]
[SourceQuality "1"]
[TimeControl "5400+30"]

1. e4 e5 2. Nf3 Nc6 3. d4 exd4 4. Nxd4 Nf6 5. Nc3 Bb4 6. Nxc6 bxc6 7. Bd3 d5 8. exd5 cxd5 9. O-O O-O 10. h3 Rb8 11. Bf4 Bd6 12. Bxd6 Qxd6 13. b3 Be6 14. Ne2 Rfd8 15. Nd4 c5 16. Nxe6 fxe6 17. c4 d4 18. Re1 Re8 19. Qf3 e5 20. g4 Rf8 21. Qg3 Rbe8 22. Re2 Qc6 23. Rxe5 Rxe5 24. Qxe5 Qf3 25. Bf5 Nh5 26. Bxh7+ Kh8 27. Qxh5 Qxf2+ 28. Kh1 1/2-1/2

[Event "POR-ch Women Absolute 2019"]
[Site "Portimao"]
[Date "2019.09.11"]
[Round "5"]
[White "Soares, Sara Joana De Moura "]
[Black "Monteiro, Sara Cristina da Sil"]
[Result "1-0"]
[ECO "A52"]
[WhiteElo "1533"]
[BlackElo "1728"]
[Annotator "NA"]
[PlyCount "65"]
[EventDate "2019.??.??"]
[EventCountry "POR"]
[SourceTitle "playchess.com"]
[Source "ChessBase"]
[SourceQuality "1"]
[TimeControl "5400+30"]

1. d4 Nf6 2. c4 e5 3. dxe5 Ng4 4. Bf4 Nc6 5. Nf3 Bc5 6. e3 Qe7 7. Qd5 Nb4 8. Qd1 Nc6 9. Nc3 Bb4 10. Qd5 d6 11. exd6 cxd6 12. Be2 Be6 13. Qd1 Bxc3+ 14. bxc3 Nge5 15. Nd4 Bxc4 16. Bxc4 Nxc4 17. O-O O-O 18. Nxc6 bxc6 19. Qa4 Ne5 20. Rab1 Qc7 21. Rfd1 Rab8 22. h3 f6 23. Rb3 g5 24. Bg3 Rfd8 25. Rdb1 Rb6 26. h4 h6 27. hxg5 fxg5 28. f4 Nd3 29. Qc4+ d5 30. Qxd3 Kg7 31. Rxb6 axb6 32. Qd4+ Kf7 33. Qxb6 1-0